 Dungeon Crawl Stone Soup version 0.23-a0-586-gacb4b3f4ce (webtiles) character file.

551308 Zaazir the Earth Mage (level 26, 0/168 HPs)
             Began as a Gargoyle Earth Elementalist on Dec 18, 2018.
             Was the Champion of Vehumet.
             Splashed by a caustic shrike's acid (8 damage)
             ... on level 2 of the Depths on Dec 19, 2018.
             The game lasted 04:16:50 (87148 turns).

Zaazir the Earth Mage (GrEE)                       Turns: 87148, Time: 04:16:52

Health: 0/168      AC: 40    Str: 15    XL:     26   Next: 32%
Magic:  14/43      EV: 15    Int: 35    God:    Vehumet [******]
Gold:   4620       SH:  0    Dex:  5    Spells: 6/57 levels left

rFire    + . .     SeeInvis .   v - +6 demon whip of Fagacoz {speed, +Inv rN+ Int+6 Dex-3}
rCold    . . .     Gourm    +   (no shield)
rNeg     + + .     Faith    .   I - +2 robe {Archmagi}
rPois    ∞         Spirit   .   V - +0 helmet of Gozag's Benevolence {Int+4}
rElec    +         Reflect  .   X - scarf {cloud immunity}
rCorr    .         Harm     .   q - +2 pair of gloves
MR       +....     Clarity  +   k - +2 pair of boots
Stlth    +.........             P - amulet of the gourmand
HPRegen  0.38/turn              s - +6 ring of protection
MPRegen  0.28/turn              A - +6 ring of protection

@: confused, corroded, flying, very slightly contaminated
A: big wings, blurry vision 1, clarity, clumsy 1, fire resistance 1, negative
energy resistance 1, screaming 1, electricity resistance, unbreathing,
petrification resistance, rot immunity, MP-powered wands, AC +20
}: 3/15 runes: serpentine, barnacled, silver
a: Stop Flying, Renounce Religion, Evoke Invisibility


You were on level 2 of the Depths.
You worshipped Vehumet.
Vehumet was exalted by your worship.
You were full.

You visited 9 branches of the dungeon, and saw 42 of its levels.
You visited the Abyss 1 time.
You also visited: Gauntlet.

You collected 7057 gold pieces.
You spent 2437 gold pieces at shops.

Inventory:

Hand Weapons
 j - a +1 sacred scourge of holy wrath
 v - the +6 demon whip of Fagacoz (weapon) {speed, +Inv rN+ Int+6 Dex-3}
   (You found it on level 1 of the Shoals)

   Attacks with this weapon are significantly faster.
   It affects your intelligence (+6).
   It affects your dexterity (-3).
   It protects you from negative energy.
   It lets you turn invisible.
 T - a +7 eveningstar of venom
Missiles
 t - 8 throwing nets
 J - 812 stones (quivered)
Armour
 k - a +2 pair of boots (worn)
 q - a +2 pair of gloves (worn)
 I - a +2 robe of the Archmagi (worn)
 V - the +0 helmet of Gozag's Benevolence (worn) {Int+4}
   (You found it in a Gauntlet)

   It affects your intelligence (+4).
 X - a scarf of cloud immunity (worn)
 Y - a +0 helmet of see invisible
Jewellery
 h - the ring of Trog's Delight {rF+ Int+3 Stlth+}
   (You bought it in a shop on level 2 of the Orcish Mines)

   [ring of intelligence]

   It affects your intelligence (+3).
   It protects you from fire.
   It makes you more stealthy.
 s - a +6 ring of protection (left hand)
 A - a +6 ring of protection (right hand)
 C - the ring "Neyhysta" {Wiz rElec rPois Str+4}
   (You found it on level 4 of the Shoals)

   [ring of wizardry]

   It improves your spell success rate.
   It affects your strength (+4).
   It insulates you from electricity.
   It protects you from poison.
 P - an amulet of the gourmand (around neck)
Wands
 y - a wand of iceblast (25)
 L - a wand of acid (7)
 U - a wand of disintegration (25)
 W - a wand of digging (11)
Scrolls
 a - 26 scrolls of remove curse
 b - 20 scrolls of identify
 c - 6 scrolls of fog
 e - a scroll of magic mapping
 f - 11 scrolls of fear
 g - 5 scrolls of immolation
 o - 10 scrolls of teleportation
 r - 2 scrolls of blinking
 u - 3 scrolls of holy word
 w - 7 scrolls of amnesia
 z - a scroll of silence
 Z - a scroll of summoning
Potions
 i - 11 potions of curing
 m - 3 potions of cancellation
 n - 3 potions of might
 B - 2 potions of brilliance
 D - 2 potions of heal wounds
 E - a potion of invisibility
 H - a potion of haste
 O - 4 potions of resistance
 S - 4 potions of berserk rage
Miscellaneous
 l - a phantom mirror
 K - 3 boxes of beasts
 N - a lamp of fire
Comestibles
 d - 43 rations
 x - 11 chunks of flesh


   Skills:
 + Level 18.0 Fighting
 - Level 16.0 Maces & Flails
 - Level 6.0 Armour
 - Level 14.0 Dodging
 - Level 2.1 Stealth
 + Level 16.3 Spellcasting
 + Level 18.6 Conjurations
   Level 0.7 Transmutations
 * Level 18.4 Fire Magic
 + Level 20.3 Earth Magic
 - Level 6.0 Evocations


You had 6 spell levels left.
You knew the following spells:

 Your Spells              Type           Power        Failure   Level  Hunger
a - Sandblast             Erth           ######       0%          1    None
b - Stone Arrow           Conj/Erth      ######       0%          3    None
c - Lee's Rapid Deconstr  Erth           ########..   0%          5    None
d - Fireball              Conj/Fire      ########..   0%          5    None
e - Shatter               Erth           ########..   9%          9    #######
f - Ignition              Fire           ########..   1%          8    #####..
g - Iron Shot             Conj/Erth      ########..   1%          6    None
h - Bolt of Magma         Conj/Fire/Erth ########..   0%          5    None
i - Fire Storm            Conj/Fire      ########..   17%         9    #######

Your spell library contained the following spells:

 Spells                   Type           Power        Failure   Level  Hunger
 Tornado                  Air            #####.....   100%        9    #######
 Flame Tongue             Conj/Fire      #####        0%          1    None
 Magic Dart               Conj           ####         0%          1    None
 Searing Ray              Conj           ######       0%          2    None
 Throw Flame              Conj/Fire      ######       0%          2    None
 Conjure Flame            Conj/Fire      ########     0%          3    None
 Iskenderun's Mystic Bla  Conj           ########     0%          4    None
 Sticky Flame             Conj/Fire      ########     0%          4    None
 Apportation              Tloc           #####.       1%          1    None
 Freeze                   Ice            ####         1%          1    None
 Sting                    Conj/Pois      ####         1%          1    None
 Summon Butterflies       Summ           #####...     1%          1    None
 Summon Small Mammal      Summ           ####         1%          1    None
 Blink                    Tloc           N/A          1%          2    None
 Call Imp                 Summ           #####...     1%          2    None
 Passwall                 Tmut/Erth      ########     1%          2    None
 Poisonous Vapours        Pois/Air       #####.       1%          2    None
 Slow                     Hex            #####...     1%          2    None
 Swiftness                Chrm/Air       #####...     1%          2    None
 Throw Frost              Conj/Ice       ######       1%          2    None
 Dazzling Spray           Conj/Hex       ######       1%          3    None
 Ignite Poison            Fire/Tmut/Pois #######.     1%          3    None
 Inner Flame              Hex/Fire       #######.     1%          3    None
 Mephitic Cloud           Conj/Pois/Air  #######.     1%          3    None
 Force Lance              Conj/Tloc      #######.     1%          4    None
 Fulminant Prism          Conj/Hex       #######...   1%          4    None
 Leda's Liquefaction      Hex/Erth       #######...   1%          4    None
 Petrify                  Tmut/Erth      ########     1%          4    None
 Throw Icicle             Conj/Ice       #######.     1%          4    None
 Borgnjor's Vile Clutch   Necr/Erth      #######...   1%          5    None
 Irradiate                Conj/Tmut      #######...   1%          5    None
 Venom Bolt               Conj/Pois      #######...   1%          5    None
 Bolt of Cold             Conj/Ice       #######...   1%          6    None
 Bolt of Fire             Conj/Fire      ########..   1%          6    None
 Olgreb's Toxic Radiance  Pois           #####...     3%          4    None
 Call Canine Familiar     Summ           #####...     4%          3    None
 Lesser Beckoning         Tloc           #####.....   4%          3    None
 Ozocubu's Armour         Chrm/Ice       #####...     4%          3    None
 Recall                   Summ/Tloc      N/A          4%          3    None
 Summon Guardian Golem    Hex/Summ       #####...     4%          3    None
 Tukima's Dance           Hex            #####...     4%          3    None
 Animate Dead             Necr           N/A          13%         4    None
 Passage of Golubria      Tloc           N/A          13%         4    None
 Summon Ice Beast         Ice/Summ       #####...     13%         4    None
 Summon Lightning Spire   Summ/Air       #####...     13%         4    None
 Alistair's Intoxication  Tmut/Pois      #####...     30%         5    None
 Summon Mana Viper        Hex/Summ       #####...     36%         5    None
 Hydra Form               Tmut           ######....   83%         6    None
 Darkness                 Hex            #####.....   90%         6    None
 Death Channel            Necr           #####.....   90%         6    None
 Invisibility             Hex            #####...     90%         6    None
 Simulacrum               Ice/Necr       #####.....   90%         6    None
 Ring of Flames           Chrm/Fire      #######...   26%         7    ####...
 Dragon Form              Tmut           ######....   100%        7    ####...
 Malign Gateway           Summ/Tloc      #####.....   100%        7    ####...
 Monstrous Menagerie      Summ           #####.....   100%        7    ####...
 Summon Greater Demon     Summ           #####.....   100%        7    ####...
 Summon Hydra             Summ           #####.....   100%        7    ####...
 Summon Horrible Things   Summ           #####.....   100%        8    #####..
 Statue Form              Tmut/Erth      Unusable     N/A         6    N/A

Dungeon Overview and Level Annotations

Branches:
Dungeon (15/15)            Temple (1/1) D:4            Lair (6/6) D:9
 Shoals (4/4) Lair:3        Snake (4/4) Lair:3        Slime (0/5) Lair:5
    Orc (2/2) D:12            Elf (3/3) Orc:2        Vaults (5/5) D:13
  Crypt (0/3) Vaults:3     Depths (2/5) D:15

Altars:
Ashenzari
Cheibriados
Dithmenos
Elyvilon
Fedhas
Gozag
Hepliaklqana
Kikubaaqudgha
Makhleb
Nemelex Xobeh
Okawaru
Qazlal
Ru
Sif Muna
Trog
Uskayaw
Vehumet
Wu Jian
Xom
Yredelemnul
Zin
The Shining One
Beogh
Jiyva

Shops:
D:5 !   D:8 *   D:9 %   Orc:2 ((!%=   Elf:2 *   Elf:3 =*   Shoals:1 !
Snake:3 =}   Vaults:1 }*}[?

Portals:
Hell: Depths:1
Ziggurat: Depths:2
Trove: D:15 (give +5 fire dragon scales)

Annotations:
D:3 1 runed door, Warius's ghost, amateur DsAK
Lair:2 1 runed door, Royhen's ghost, novice MiFi


Innate Abilities, Weirdness & Mutations

You are resistant to torment.
Your stone body is resilient. (AC +20)
You are immune to poison.
Your large and strong wings let you fly indefinitely.
You resist negative energy. (rN+)
You are resistant to electric shocks. (rElec)
You can survive without breathing.
You are immune to petrification.
You are immune to rotting.
Scrolls take you a little longer to read.
You possess an exceptional clarity of mind.
You are clumsy. (Dex -2)
Your flesh is heat resistant. (rF+)
You occasionally shout uncontrollably at your foes.
You expend magic power (3 MP) to strengthen your wands.


Message History

The caustic shrike claws you!
* * * LOW HITPOINT WARNING * * *
You are splashed with acid!
The acid burns!
* * * LOW HITPOINT WARNING * * *
You're too confused to move!
The caustic shrike misses you.
The hell knight hits you from afar with a +1 demon trident of pain.
* * * LOW HITPOINT WARNING * * *
You writhe in agony.
* * * LOW HITPOINT WARNING * * *
The caustic shrike claws you!
* * * LOW HITPOINT WARNING * * *
You are splashed with acid!
The acid burns!
* * * LOW HITPOINT WARNING * * *
You're too confused to move!
The hell knight hits you but does no damage.
The caustic shrike closely misses you. The hell knight completely misses you.
The caustic shrike claws you.
* * * LOW HITPOINT WARNING * * *
You are splashed with acid!
The acid burns!
You die...

...........................#
............>...>...#......#
............................
............................
....................[.#...#
##...####..#.............#
.........................##
..)...†....)#p............#
...(.(......)÷b@..........#
.....(#.....#)D...........# #
............#............##.#
....##......#...............#
......#............(.........
..).}.#.............(........
.}.).........................
#.:.[................$.......
#..#............#


You could see a shadow dragon, a caustic shrike and a hell knight.

Vanquished Creatures
  2 ancient liches (Vaults:4)
  Sojobo (Depths:2)
  2 juggernauts (Depths:2)
  Margery (Vaults:3)
  Vashnia (Snake:3)
  Saint Roka (Elf:2)
  A golden dragon (Vaults:5)
  4 tentacled monstrosities
  Rupert (Snake:1)
  6 liches
  A quicksilver dragon (Depths:2)
  3 deep elf blademasters
  2 deep elf master archers (Elf:3)
  4 titans (Vaults:5)
  4 sphinxes
  A kraken (Shoals:2)
  Agnes (D:15)
  2 tentacled starspawn (Abyss:3)
  8 tengu reavers
  Kirke (Snake:3)
  5 shadow dragons
  10 nagarajas
  Roxanne (Snake:1)
  A storm dragon (Vaults:5)
  Donald (Elf:2)
  9 fire giants
  11 deep elf sorcerers
  14 vault wardens
  11 frost giants
  26 ironheart preservers
  4 angels
  3 deep elf elementalists
  A ghoul (Vaults:5)
  18 very ugly things
  5 war gargoyles
  10 stone giants
  10 deep elf demonologists
  A vampire knight (Depths:2)
  6 dire elephants
  A lorocyproca (Abyss:3)
  10 deep elf annihilators
  3 spark wasps (Depths:1)
  A minotaur (Gauntlet)
  3 merfolk javelineers (Shoals:4)
  A crystal guardian (Abyss:3)
  10 merfolk impalers
  10 ettins
  Josephine (Orc:2)
  5 deep elf death magi
  Snorg (D:11)
  5 fire dragons
  5 deep elf high priests
  19 naga warriors
  18 yaktaur captains
  8 ice dragons
  6 great orbs of eyes
  Harold (D:8)
  5 rakshasas
  6 hydras
  A spriggan air mage (Depths:1)
  4 merfolk avatars
  Erolcha (D:12)
  5 death knights
  39 vault guards
  16 centaur warriors
  19 anacondas
  36 two-headed ogres
  13 ogre magi
  A queen ant (Lair:2)
  A satyr (shapeshifter) (Vaults:5)
  3 merfolk aquamancers
  6 death yaks (Lair:1)
  8 deep troll earth magi
  4 satyrs
  6 deep troll shamans
  24 dancing weapons
  An alligator (Shoals:4)
  2 thrashing horrors (Abyss:3)
  8 shock serpents
  35 deep elf knights
  Sonja (Lair:2)
  10 hell knights
  19 naga sharpshooters
  6 salamander mystics
  6 skeletal warriors
  3 iron trolls (Depths:2)
  A storm dragon skeleton (Abyss:3)
  3 flayed ghosts
  3 unseen horrors
  12 sea snakes
  23 deep trolls
  29 deep elf archers
  4 lindwurms (Snake:4)
  9 naga ritualists
  A glowing orange brain (shapeshifter) (Vaults:5)
  4 wizards
  3 phantasmal warriors
  A glowing orange brain (Depths:1)
  A lindwurm (shapeshifter) (Depths:1)
  20 harpies
  3 necromancers
  Pikel (D:7)
  18 orc knights
  17 ironbrand convokers
  8 mana vipers
  9 wolf spiders
  6 fauns (Shoals:2)
  An orb spider (shapeshifter) (D:14)
  An oklob plant (D:10)
  5 orc sorcerers
  27 ugly things
  A faun (shapeshifter) (Vaults:5)
  14 salamanders
  10 cyclopes
  A shining eye (shapeshifter) (Vaults:5)
  29 slime creatures
  An elephant (shapeshifter) (D:15)
  12 manticores
  100 deep elf magi
  A moth of wrath (shapeshifter) (Elf:2)
  8 merfolk sirens
  Maurice (D:11)
  36 black mambas
  2 centaur zombies (D:13)
  20 naga magi
  7 elephants
  2 ice statues
  9 guardian serpents
  2 rust devils
  7 water nymphs
  3 torpor snails
  A spiny frog (shapeshifter) (Depths:1)
  A smoke demon (Abyss:3)
  16 vault sentinels
  2 gargoyles (D:13)
  5 spiny frogs
  42 yaktaurs
  A yaktaur (shapeshifter) (Vaults:3)
  3 efreet
  2 demonic crawlers (Abyss:3)
  6 freezing wraiths
  3 komodo dragons
  An ancient zyme (Abyss:3)
  3 tengu conjurers
  A merfolk (shapeshifter) (Elf:2)
  12 trolls
  A polar bear (Lair:6)
  2 wind drakes (Shoals:1)
  A queen bee (shapeshifter) (D:15)
  A meliai (shapeshifter) (Depths:1)
  24 merfolk
  2 wind drakes (shapeshifter)
  7 raiju (Abyss:3)
  Prince Ribbit (D:9)
  14 hippogriffs
  14 dream sheep
  A dream sheep (shapeshifter) (Vaults:2)
  5 hornets
  13 snapping turtles
  4 flying skulls (Gauntlet)
  4 air elementals
  4 blink frogs
  A redback (shapeshifter) (D:15)
  A shadow (D:15)
  8 wraiths
  A ynoxinul (Abyss:3)
  6 wyverns
  10 water elementals
  A vampire (D:9)
  A centaur simulacrum (D:15)
  45 yaks
  A human (D:13)
  4 hungry ghosts
  6 basilisks
  3 fire elementals
  A steam dragon (Shoals:4)
  A large abomination (Abyss:3)
  A neqoxec (Abyss:3)
  A chaos spawn (Gauntlet)
  8 vampire mosquitoes
  A yaktaur simulacrum (Vaults:2)
  54 nagas
  5 wargs
  3 acid dragons
  21 soldier ants
  9 water moccasins
  A hell hound (Abyss:3)
  Duvessa (D:6)
  8 porcupines
  A meliai simulacrum (D:13)
  2 sky beasts
  2 eyes of draining
  56 orc warriors
  2 black bears (shapeshifter) (D:15)
  A hornet zombie (D:9)
  6 black bears
  4 ice beasts
  30 ogres
  A necrophage (D:10)
  24 boggarts
  4 phantoms
  3 wolves (Lair:2)
  36 centaurs
  15 crocodiles
  4 big kobolds
  A gnoll sergeant (D:10)
  A wyvern zombie (D:14)
  14 bullfrogs
  3 earth elementals
  Dowan (D:6)
  A wyvern skeleton (D:12)
  4 scorpions
  2 human simulacra
  7 wights
  10 electric eels
  A howler monkey (D:11)
  8 starcursed masses (Abyss:3)
  13 crimson imps
  2 quasits (D:11)
  4 bullfrog zombies
  7 hounds
  4 jellies
  A gnoll shaman (D:4)
  23 orc priests
  27 orc wizards
  A bullfrog skeleton (D:10)
  5 centaur skeletons
  4 iguanas
  Natasha (thrice) (D:2)
  29 worker ants
  A hound zombie (D:5)
  A worker ant zombie (D:8)
  15 gnolls
  A howler monkey skeleton (D:5)
  10 adders
  3 shadow imps
  An adder zombie (D:5)
  2 adder skeletons
  2 dart slugs (D:3)
  A worm (D:5)
  4 leopard geckos
  161 orcs
  A ball python (D:1)
  6 giant cockroaches
  7 goblins
  4 hobgoblins
  6 jackals
  5 quokkas
  12 bats
  4 frilled lizards
  16 kobolds
  2 leopard gecko zombies (D:5)
  5 rats
  A lurking horror (Abyss:3)
  10 plants
  A starspawn tentacle (Abyss:3)
  A tentacle (Shoals:2)
2117 creatures vanquished.

Vanquished Creatures (others)
  Nikola (Depths:2)
  A tengu warrior (Depths:2)
  2 deep elf magi (Elf:1)
  A naga mage (Snake:4)
  A yaktaur (Vaults:5)
  4 humans (Snake:3)
  An adder (D:12)
  A quokka skeleton (D:5)
  2 fire vortices (Vaults:4)
  17 fungi
  61 plants
  7 starspawn tentacles (Abyss:3)
  8 tentacles (Shoals:2)
107 creatures vanquished.

Grand Total: 2224 creatures vanquished

Notes
Turn   | Place    | Note
-------+----------+-------------------------------------------
     0 | D:1      | Zaazir the Gargoyle Earth Elementalist began the quest for
                  | the Orb.
     0 | D:1      | Reached XP level 1. HP: 10/10 MP: 3/3
    91 | D:1      | Reached XP level 2. HP: 11/15 MP: 5/5
   172 | D:1      | Reached skill level 4 in Earth Magic
  1086 | D:2      | Reached XP level 3. HP: 19/19 MP: 6/6
  1091 | D:2      | Learned a level 3 spell: Stone Arrow
  1130 | D:2      | Noticed Natasha
  1139 | D:2      | Killed Natasha
  1139 | D:2      | Reached skill level 1 in Conjurations
  1278 | D:2      | Noticed Natasha
  1283 | D:2      | Killed Natasha
  1283 | D:2      | Reached XP level 4. HP: 23/24 MP: 4/8
  1497 | D:2      | Noticed Natasha
  1499 | D:2      | Killed Natasha
  1499 | D:2      | Reached skill level 5 in Earth Magic
  1594 | D:3      | Reached XP level 5. HP: 28/28 MP: 7/9
  1612 | D:3      | Learned a level 5 spell: Lee's Rapid Deconstruction
  1881 | D:3      | Noticed an ogre
  2249 | D:4      | Reached XP level 6. HP: 20/32 MP: 11/11
  2640 | D:4      | Found a staircase to the Ecumenical Temple.
  2655 | Temple   | Entered the Ecumenical Temple
  2846 | Temple   | Became a worshipper of Vehumet
  3077 | D:3      | Reached skill level 6 in Earth Magic
  3151 | D:3      | Reached XP level 7. HP: 16/36 MP: 6/13
  3200 | D:3      | Found a runed door.
  3201 | D:3      | Noticed Warius's ghost (amateur DsAK)
  4254 | D:4      | Reached * piety under Vehumet
  4254 | D:4      | Offered knowledge of Magic Dart by Vehumet.
  4566 | D:4      | Reached skill level 7 in Earth Magic
  4620 | D:5      | Entered Level 5 of the Dungeon
  4643 | D:5      | Reached skill level 5 in Spellcasting
  4854 | D:5      | Found a shimmering altar of Xom.
  4880 | D:5      | Reached XP level 8. HP: 32/42 MP: 12/15
  4901 | D:5      | Reached skill level 1 in Armour
  4907 | D:5      | Reached skill level 1 in Fighting
  4907 | D:5      | Reached skill level 1 in Maces & Flails
  4908 | D:5      | Reached skill level 5 in Conjurations
  5081 | D:5      | Found a shadowy altar of Dithmenos.
  5107 | D:5      | Reached skill level 1 in Evocations
  5155 | D:5      | Found a stormy altar of Qazlal.
  5175 | D:5      | Found Irribota's Distillery.
  5178 | D:5      | Bought a potion of degeneration for 12 gold pieces
  5178 | D:5      | Bought a potion of heal wounds for 60 gold pieces
  5465 | D:5      | Found a bloodstained altar of Trog.
  5596 | D:5      | Reached ** piety under Vehumet
  5638 | D:6      | Found a shadowy altar of Dithmenos.
  5643 | D:6      | Offered knowledge of Flame Tongue by Vehumet.
  5740 | D:6      | Noticed Duvessa
  5742 | D:6      | Noticed Dowan
  6013 | D:6      | Killed Duvessa
  6245 | D:6      | Killed Dowan
  6362 | D:6      | Found a sacrificial altar of Ru.
  6439 | D:6      | Reached XP level 9. HP: 29/49 MP: 15/17
  6755 | D:6      | Found a basalt altar of Yredelemnul.
  6824 | D:6      | Found a snail-covered altar of Cheibriados.
  6871 | D:6      | Found a burning altar of Makhleb.
  7565 | D:7      | Noticed Pikel
  7571 | D:7      | Killed Pikel
  7571 | D:7      | Reached skill level 8 in Earth Magic
  7717 | D:7      | Offered knowledge of Conjure Flame by Vehumet.
  8138 | D:7      | Found an ornate altar of the Wu Jian Council.
  8479 | D:8      | Reached *** piety under Vehumet
  8479 | D:8      | Reached XP level 10. HP: 56/56 MP: 15/19
  8528 | D:8      | Noticed Harold
  8533 | D:8      | Noticed a two-headed ogre
  8537 | D:8      | HP: 2/56 [Harold/+0 glaive (16)]
  8602 | D:8      | Killed Harold
  8623 | D:8      | Killed a two-headed ogre
  9047 | D:8      | Found an opulent altar of Gozag.
  9194 | D:8      | Found Rocatimm's Mass Market.
  9211 | D:8      | Reached skill level 9 in Earth Magic
  9230 | D:8      | Offered knowledge of Static Discharge by Vehumet.
  9270 | D:8      | You fall through a shaft!
  9429 | D:9      | Found a staircase to the Lair.
  9466 | D:9      | Reached skill level 5 in Armour
  9531 | D:9      | Reached **** piety under Vehumet
  9671 | D:9      | Offered knowledge of Inner Flame by Vehumet.
  9870 | D:9      | Found a roughly hewn altar of Beogh.
 10084 | D:8      | Reached skill level 5 in Fighting
 10176 | D:8      | Reached XP level 11. HP: 57/63 MP: 21/21
 10381 | D:8      | Noticed a three-headed hydra
 10387 | D:8      | Killed a three-headed hydra
 10387 | D:8      | Reached skill level 5 in Maces & Flails
 10527 | D:8      | Found a blossoming altar of Fedhas.
 10794 | D:9      | Found Osuajix's Food Emporium.
 10994 | D:9      | Found a glowing golden altar of the Shining One.
 11066 | D:9      | Noticed Prince Ribbit
 11081 | D:9      | Killed Prince Ribbit
 11833 | D:10     | Entered Level 10 of the Dungeon
 11845 | D:10     | Reached ***** piety under Vehumet
 11873 | D:10     | Found a sacrificial altar of Ru.
 11873 | D:10     | Noticed an oklob plant
 11882 | D:10     | Killed an oklob plant
 11882 | D:10     | Offered knowledge of Spellforged Servitor by Vehumet.
 11938 | D:10     | Reached skill level 5 in Evocations
 12237 | D:10     | Noticed a two-headed ogre
 12242 | D:10     | Killed a two-headed ogre
 12854 | D:10     | Reached skill level 5 in Dodging
 12970 | D:11     | Reached skill level 10 in Earth Magic
 13098 | D:11     | Noticed a cyclops
 13105 | D:11     | Killed a cyclops
 13117 | D:11     | Noticed Snorg
 13136 | D:11     | Killed Snorg
 13136 | D:11     | Reached XP level 12. HP: 29/71 MP: 13/23
 13515 | D:11     | Noticed Maurice
 14095 | D:11     | Killed Maurice
 14229 | D:12     | Noticed a death knight
 14613 | D:12     | Learned a level 5 spell: Fireball
 14742 | D:12     | Found a staircase to the Orcish Mines.
 14766 | D:12     | Reached skill level 1 in Fire Magic
 15586 | D:12     | Offered knowledge of Orb of Destruction by Vehumet.
 15953 | D:12     | Noticed Erolcha
 15959 | D:12     | Killed Erolcha
 16439 | D:12     | Killed a death knight
 16439 | D:12     | Reached skill level 11 in Earth Magic
 16570 | D:12     | Reached XP level 13. HP: 64/78 MP: 17/25
 16579 | D:12     | Learned a level 7 spell: Orb of Destruction
 17164 | D:13     | HP: 1/78 [efreet/fireball (7)]
 18319 | D:13     | Noticed a vault guard
 18329 | D:13     | Noticed a vault guard
 18339 | D:13     | Noticed a vault guard
 18473 | D:13     | Killed a vault guard
 18650 | D:13     | Killed a vault guard
 18780 | D:13     | Noticed a vault guard
 18780 | D:13     | Noticed a vault guard
 18798 | D:13     | Killed a vault guard
 18801 | D:13     | Killed a vault guard
 18819 | D:13     | Killed a vault guard
 19013 | D:13     | Found a gate to the Vaults.
 19531 | D:13     | Reached skill level 10 in Conjurations
 19729 | D:13     | Offered knowledge of Ozocubu's Refrigeration by Vehumet.
 20142 | D:13     | Reached skill level 5 in Fire Magic
 20284 | D:13     | Gained mutation: Your large and strong wings let you fly
                  | indefinitely. [Gargoyle growth]
 20284 | D:13     | Reached XP level 14. HP: 79/84 MP: 27/27
 20560 | Lair:1   | Entered Level 1 of the Lair of Beasts
 20707 | Lair:1   | Reached skill level 12 in Earth Magic
 21303 | Lair:2   | Found an ancient bone altar of Kikubaaqudgha.
 21912 | Lair:2   | Offered knowledge of Venom Bolt by Vehumet.
 21952 | Lair:2   | Learned a level 5 spell: Venom Bolt
 22016 | Lair:2   | Found a runed door.
 22118 | Lair:2   | Noticed Royhen's ghost (novice MiFi)
 22952 | Lair:2   | Noticed Sonja
 22955 | Lair:2   | Killed Sonja
 23529 | Lair:3   | Found a gate leading to a gauntlet.
 23538 | Gauntlet | Entered a Gauntlet
 23538 | Gauntlet | Found a transporter.
 23538 | Gauntlet | Found a transporter.
 23542 | Gauntlet | Found a transporter.
 23542 | Gauntlet | Found a transporter.
 23552 | Gauntlet | Found a transporter.
 23553 | Gauntlet | Found a transporter.
 23562 | Gauntlet | Found a transporter.
 23562 | Gauntlet | Found a transporter.
 23562 | Gauntlet | Noticed a reaper
 23605 | Gauntlet | Found a transporter.
 23639 | Gauntlet | Found a transporter.
 23689 | Gauntlet | Found a transporter.
 23709 | Gauntlet | Found a transporter.
 23794 | Gauntlet | Found a transporter.
 23842 | Gauntlet | Found a transporter.
 23863 | Gauntlet | Found a transporter.
 23882 | Gauntlet | Found a transporter.
 24268 | Gauntlet | Got a warped ruby amulet
 24269 | Gauntlet | Identified the amulet of Truth {Faith rElec Int-3 Slay+2}
                  | (You found it in a Gauntlet)
 24550 | Gauntlet | Got an encrusted helmet
 24561 | Gauntlet | Identified the cursed +0 helmet of Gozag's Benevolence
                  | {Int+4} (You found it in a Gauntlet)
 24692 | Gauntlet | Identified a scroll of acquirement
 24860 | Lair:3   | Found a staircase to the Snake Pit.
 25683 | Lair:3   | Found a staircase to the Shoals.
 26752 | Lair:4   | Reached skill level 10 in Fighting
 26758 | Lair:4   | Reached skill level 10 in Spellcasting
 27553 | Lair:5   | Reached XP level 15. HP: 92/92 MP: 15/29
 27953 | Lair:5   | Found a shadowy altar of Dithmenos.
 27978 | Lair:5   | Found a staircase to the Slime Pits.
 27978 | Lair:5   | Found a viscous altar of Jiyva.
 28157 | Lair:6   | Entered Level 6 of the Lair of Beasts
 28819 | Lair:6   | Reached skill level 13 in Earth Magic
 29772 | Lair:6   | Gained mutation: You are clumsy. (Dex -2) [potion of
                  | mutation]
 29772 | Lair:6   | Gained mutation: Your magical capacity is low. (-10% MP)
                  | [potion of mutation]
 29772 | Lair:6   | Gained mutation: Your spells are a little harder to cast,
                  | but a little more powerful. [potion of mutation]
 29773 | Lair:6   | Lost mutation: Your spells are a little harder to cast, but
                  | a little more powerful. [potion of mutation]
 29773 | Lair:6   | Lost mutation: You are clumsy. (Dex -2) [potion of
                  | mutation]
 29773 | Lair:6   | Lost mutation: Your magical capacity is low. (-10% MP)
                  | [potion of mutation]
 29773 | Lair:6   | Gained mutation: You expend magic power (3 MP) to
                  | strengthen your wands. [potion of mutation]
 29773 | Lair:6   | Gained mutation: You are clumsy. (Dex -2) [potion of
                  | mutation]
 29773 | Lair:6   | Gained mutation: Your flesh is heat resistant. (rF+)
                  | [potion of mutation]
 29773 | Lair:6   | Gained mutation: You possess an exceptional clarity of
                  | mind. [potion of mutation]
 31167 | Orc:1    | Entered Level 1 of the Orcish Mines
 31807 | Orc:2    | Entered Level 2 of the Orcish Mines
 31958 | Orc:2    | Offered knowledge of Iron Shot by Vehumet.
 32004 | Orc:2    | Learned a level 6 spell: Iron Shot
 32252 | Orc:2    | Found a staircase to the Elven Halls.
 32268 | Orc:2    | Noticed Josephine
 32275 | Orc:2    | Killed Josephine
 32834 | Orc:2    | Found Ogasaa's Antique Weapon Shop.
 32842 | Orc:2    | Bought a steaming morningstar for 171 gold pieces
 32842 | Orc:2    | Identified the +11 morningstar of Hepliaklqana's Envy
                  | {flame, rC++ Str-5} (You bought it in a shop on level 2 of
                  | the Orcish Mines)
 32886 | Orc:2    | Reached skill level 10 in Maces & Flails
 33714 | Orc:2    | Found Ushong's Food Shop.
 33714 | Orc:2    | Found Hirgh's Distillery.
 33716 | Orc:2    | Found Elonueg's Weapon Shoppe.
 33718 | Orc:2    | Found Dueshi Bais's Jewellery Boutique.
 34040 | Elf:1    | Entered Level 1 of the Elven Halls
 35515 | D:15     | Entered Level 15 of the Dungeon
 35830 | D:15     | Offered knowledge of Poison Arrow by Vehumet.
 36124 | D:15     | Found a blossoming altar of Fedhas.
 36494 | D:15     | Reached XP level 16. HP: 100/100 MP: 19/30
 36823 | D:15     | Found a portal to a secret trove of treasure.
 37167 | D:15     | Noticed Agnes
 37173 | D:15     | Killed Agnes
 37366 | D:15     | Found a staircase to the Depths.
 37850 | Snake:1  | Entered Level 1 of the Snake Pit
 37850 | Snake:1  | Noticed Rupert
 37855 | Snake:1  | Killed Rupert
 37862 | Snake:1  | HP: 4/100 [black mamba (9)]
 37867 | Snake:1  | HP: 5/100 [black mamba (13)]
 38272 | Snake:1  | Noticed a nagaraja
 38284 | Snake:1  | Killed a nagaraja
 38284 | Snake:1  | Reached skill level 14 in Earth Magic
 39545 | Orc:2    | Bought the ring of Trog's Delight {rF+ Int+3 Stlth+} for
                  | 585 gold pieces
 40080 | Snake:1  | Noticed Roxanne
 40097 | Snake:1  | Killed Roxanne
 40397 | Snake:1  | Learned a level 5 spell: Bolt of Magma
 40410 | Snake:1  | Learned a level 6 spell: Poison Arrow
 41806 | Snake:2  | Noticed a nagaraja
 41811 | Snake:2  | Killed a nagaraja
 41845 | Snake:1  | HP: 4/101 [anaconda (2)]
 42385 | Snake:2  | Offered knowledge of Bolt of Cold by Vehumet.
 43180 | Snake:2  | Reached XP level 17. HP: 106/106 MP: 9/32
 43630 | Snake:2  | Learned a level 6 spell: Bolt of Cold
 44579 | Snake:3  | Reached skill level 10 in Dodging
 44590 | Snake:3  | Found Visulyr's Gadget Emporium.
 44590 | Snake:3  | Found Gipnorcho's Jewellery Shoppe.
 44598 | Snake:3  | Noticed Vashnia
 45502 | Snake:3  | Noticed Kirke
 45507 | Snake:3  | Killed Kirke
 46033 | Snake:3  | Reached skill level 15 in Earth Magic
 46036 | Snake:3  | Killed Vashnia
 46551 | Snake:3  | Bought a +6 ring of protection for 1170 gold pieces
 46882 | Snake:4  | Entered Level 4 of the Snake Pit
 48896 | Snake:4  | Reached XP level 18. HP: 96/113 MP: 26/34
 50177 | Shoals:1 | Entered Level 1 of the Shoals
 50275 | Shoals:1 | Got a pitted demon whip
 50276 | Shoals:1 | Identified the +6 demon whip of Fagacoz {speed, +Inv rN+
                  | Int+6 Dex-3} (You found it on level 1 of the Shoals)
 50784 | Shoals:1 | Found Kuofanicau's Distillery.
 50811 | Shoals:1 | Bought a potion of curing for 42 gold pieces
 50811 | Shoals:1 | Bought a potion of berserk rage for 70 gold pieces
 50811 | Shoals:1 | Bought a potion of curing for 42 gold pieces
 53052 | Shoals:3 | Reached ****** piety under Vehumet
 53922 | Shoals:4 | Entered Level 4 of the Shoals
 53938 | Shoals:4 | Learned a level 9 spell: Shatter
 53951 | Shoals:4 | Reached skill level 10 in Fire Magic
 54314 | Shoals:4 | Offered knowledge of Fire Storm by Vehumet.
 54314 | Shoals:4 | Offered knowledge of Tornado by Vehumet.
 54314 | Shoals:4 | Offered knowledge of Ignition by Vehumet.
 54667 | Shoals:4 | HP: 5/114 [merfolk/+1 trident of freezing (1)]
 54667 | Shoals:4 | HP: 2/114 [satyr/arrow (3)]
 56373 | Shoals:4 | Reached XP level 19. HP: 90/119 MP: 35/35
 57509 | Shoals:4 | Got a scintillating tin ring
 57510 | Shoals:4 | Identified the ring "Neyhysta" {Wiz rElec rPois Str+4} (You
                  | found it on level 4 of the Shoals)
 57568 | Shoals:4 | Got a barnacled rune of Zot
 58636 | Snake:4  | Reached skill level 16 in Earth Magic
 59522 | Snake:4  | Got a serpentine rune of Zot
 60184 | Vaults:1 | Entered Level 1 of the Vaults
 60336 | Vaults:1 | Found Veuxir's Magic Scroll Shoppe.
 61041 | Vaults:1 | Found Use Gead's Gadget Boutique.
 61186 | Vaults:1 | Found Xearphokk's Antique Armour Shoppe.
 61198 | Vaults:1 | Bought a pair of runed gloves for 285 gold pieces
 61335 | Vaults:1 | Found Pofaurhe's Gadget Shop.
 61502 | Vaults:1 | Noticed a Brimstone Fiend
 61843 | Vaults:1 | Reached XP level 20. HP: 107/127 MP: 17/37
 62052 | Vaults:1 | Found Timpav's General Store.
 62668 | Vaults:2 | Reached skill level 15 in Conjurations
 63675 | Vaults:2 | Noticed a Brimstone Fiend
 64676 | Vaults:2 | Reached skill level 17 in Earth Magic
 64864 | Vaults:2 | Learned a level 8 spell: Ignition
 65911 | Vaults:3 | Paralysed by a great orb of eyes for 6 turns
 66450 | Vaults:3 | Reached XP level 21. HP: 107/132 MP: 21/38
 67570 | Vaults:3 | Noticed Margery
 67660 | Vaults:3 | Killed Margery
 67712 | Vaults:2 | HP: 4/133 [hell knight/+4 demon whip of flaming[Margery]
                  | (16)]
 68866 | Vaults:3 | Reached skill level 15 in Fighting
 68884 | Vaults:3 | Found a staircase to the Crypt.
 70422 | Vaults:4 | Reached XP level 22. HP: 110/140 MP: 2/40
 71008 | Vaults:4 | Paralysed by a sphinx for 6 turns
 71870 | Vaults:4 | Reached skill level 18 in Earth Magic
 72636 | Vaults:5 | Entered Level 5 of the Vaults
 72640 | Vaults:5 | Paralysed by a lich for 4 turns
 72815 | Vaults:5 | Reached XP level 23. HP: 119/146 MP: 41/41
 72823 | Vaults:5 | Reached skill level 15 in Maces & Flails
 72824 | Vaults:5 | Identified the amulet of Boisk {Harm *Drain rPois}
 73378 | Vaults:5 | Identified the +9 war axe "Uri Acy" {speed, +Inv}
 73382 | Vaults:5 | Reached skill level 15 in Fire Magic
 73738 | Vaults:5 | Noticed an ancient lich
 73904 | Vaults:4 | Killed an ancient lich
 74118 | Vaults:5 | Noticed an ancient lich
 74216 | Vaults:5 | Identified the cursed +2 halberd of Adeeha {chop, Int+7
                  | Dex-2}
 74224 | Vaults:4 | Killed an ancient lich
 74312 | Vaults:5 | Noticed a golden dragon
 74610 | Vaults:5 | Killed a golden dragon
 75053 | Vaults:5 | Reached skill level 15 in Spellcasting
 75519 | Vaults:5 | Got a silver rune of Zot
 76926 | Elf:1    | Reached XP level 24. HP: 147/154 MP: 34/42
 78390 | Elf:2    | Noticed Donald
 78394 | Elf:2    | Killed Donald
 78394 | Elf:2    | Reached skill level 19 in Earth Magic
 78784 | Elf:2    | Learned a level 9 spell: Fire Storm
 78824 | Elf:2    | Found Geonemor's General Store.
 78958 | Elf:2    | Found a runed gate.
 78958 | Elf:2    | Found a runed gate.
 78960 | Elf:2    | Found a runed gate.
 79350 | Elf:2    | Gained mutation: Scrolls take you a little longer to read.
                  | [a neqoxec]
 79714 | Elf:2    | Noticed Saint Roka
 80576 | Elf:2    | Killed Saint Roka
 80693 | Elf:3    | Entered Level 3 of the Elven Halls
 80742 | Elf:3    | Found Ywky's Assorted Antiques.
 81163 | Elf:3    | Found Banydune's Jewellery Emporium.
 81982 | Elf:3    | Reached XP level 25. HP: 160/160 MP: 28/42
 81985 | Elf:3    | Cast into level 3 of the Abyss (a deep elf sorcerer)
 82093 | Abyss:3  | Found a burning altar of Makhleb.
 82149 | Abyss:3  | Identified the Incunabulum of Icy Envenoming
 82233 | Abyss:3  | Found a corrupted altar of Lugonu.
 82378 | Abyss:3  | Gained mutation: You occasionally shout uncontrollably at
                  | your foes. [a neqoxec]
 82395 | Elf:3    | Escaped the Abyss
 83136 | Elf:3    | Got a faintly glowing diamond amulet
 83139 | Elf:3    | Identified the amulet of Satisfaction {Acrobat +Inv Stlth+}
                  | (You found it on level 3 of the Elven Halls)
 83549 | Depths:1 | Entered Level 1 of the Depths
 84994 | Depths:1 | Found a gateway to Hell.
 86366 | Depths:2 | Noticed Sojobo
 86372 | Depths:2 | Reached skill level 20 in Earth Magic
 86408 | Depths:2 | Noticed Nikola
 86410 | Depths:2 | Killed Nikola
 86410 | Depths:2 | Reached XP level 26. HP: 162/168 MP: 13/43
 86412 | Depths:2 | Found a gateway to a ziggurat.
 86643 | Depths:2 | Killed Sojobo
 87125 | Depths:2 | Noticed a juggernaut
 87129 | Depths:2 | Noticed a juggernaut
 87132 | Depths:2 | Killed a juggernaut
 87134 | Depths:2 | Killed a juggernaut
 87148 | Depths:2 | HP: 8/168 [caustic shrike (6)]
 87148 | Depths:2 | Splashed by a caustic shrike's acid

Vault maps used:
D:1:      nicolae_arrival_washed_ashore, serial_forest,
          infiniplex_forest_lined_ring, infiniplex_forest_lined_room_2,
          infiniplex_forest_pool, infiniplex_forest_clump_diagonal,
          infiniplex_forest_clump_small, infiniplex_forest_lined_corner,
          infiniplex_forest_zigzag_1, infiniplex_forest_join,
          infiniplex_forest_lined_3_way, infiniplex_forest_corner_1,
          minmay_tall_x
D:2:      uniq_natasha
D:3:      gammafunk_ghost_grave
D:4:      temple_fountains, first_ration
D:5:      lemuel_doored_altar, xom_confusion_cloud, lightli_temple_of_fire,
          basic_altar, serial_shops, kennysheep_mini, dk_vineyard_1
D:6:      old_standard_altar, nicolae_overflow_crystal_walls,
          overflow_temple_1_default, nicolae_ru_awakened_eye,
          lemuel_crystal_altar, serial_glass, glass_columns_a, glass_columns_c,
          glass_columns_a, glass_columns_c, uniq_duvessa
D:7:      marbit_many_paths, minmay_shattered_shrine, uniq_pikel
D:8:      lemuel_crystal_altar, nicolae_overflow_hidden_temple, hangedman_ranch,
          minmay_shop_mass, uniq_harold
D:9:      tso_metal_star, lair_entry_dummy, special_room, serial_shops,
          nicolae_shop_stone, uniq_prince_ribbit1
D:10:     lemuel_oklob_altar
D:11:     hangedman_decor_opposing, uniq_maurice, uniq_snorg
D:12:     orc_0_dummy, serial_bayou, serial_bayou_ford_a, serial_bayou_pond_d,
          serial_bayou_shore_a, serial_bayou_lagoon_a, minivault_25_ag,
          uniq_erolcha
D:13:     four-leaf_vault, grunt_vaults_entry_fortified
D:14:     chequers_garden
D:15:     gammafunk_enter_depths_forms, enter_trove_2, fedhas_altar_2,
          glass_columns_c, minivault_15, uniq_agnes
Temple:   jpeg_temple_alley_garden
Lair:2:   ebering_ghost_inner_flame, basic_altar, minivault_29, uniq_sonja
Lair:3:   elwin_shoals_entry_rooms, minmay_snake_entry_guardpost_medium,
          gauntlet_entry_generic
Lair:4:   infiniplex_staircase_pool_2, grunt_megastairs_5
Lair:5:   slime_altar_1, basic_altar, infiniplex_staircase_pool
Lair:6:   due_jungle_book
Shoals:1: serial_shops, shop
Shoals:4: shoals_end_grunt_ice, nicolae_shoals_siren_and_animal_friends
Snake:1:  uniq_rupert, uniq_roxanne
Snake:2:  serial_bayou_shore_b
Snake:3:  portal_ice_cave_entry_ice_statue_one, minmay_shoptagon, uniq_kirke,
          uniq_vashnia
Snake:4:  snake_pit_salamanders_mu
Orc:2:    st_orc_rangers, serial_shops, nicolae_shop_trees, uniq_josephine
Elf:1:    eino_elf_arrival_customs, evilmike_minifort
Elf:2:    serial_shops, shop, uniq_saint_roka, uniq_donald
Elf:3:    minmay_elf_hall_dome, serial_shops, shop, shop, elves_outpost_lemuel
Vaults:1: hangedman_vaults_restitches, nicolae_vaults_little_squares_4,
          nicolae_vaults_network_barrier, v_misc_5, hangedman_vaults_restitches,
          grunt_vaults_diagonal, nicolae_vaults_network_periphery, serial_shops,
          shop, nicolae_shop_trees, shop_fountains, shop, shop
Vaults:2: v_misc_27, st_squares, hangedman_vaults_slice, ontoclasm_vaults_chip,
          vaults_dpeg_spiral, v_misc_13, vaults_mumra_minichess,
          grunt_vaults_funnel, nicolae_vaults_little_squares_5, v_misc_32,
          v_misc_23, v_misc_22
Vaults:3: hangedman_vaults_maws, minmay_crypt_entry_nasty_monster, v_pattern_4,
          vaults_room_pools, v_misc_23, vaults_mumra_hex, v_misc_30,
          vaults_room_octagon, nicolae_vaults_network_quinsquares,
          st_more_cells, hangedman_vaults_maws,
          hangedman_vaults_stretched_pinwheel, uniq_margery
Vaults:4: nicolae_vaults_little_squares_6, hangedman_vaults_nails, v_misc_2,
          nicolae_vaults_little_ls, vaults_room_boxed, st_lines, v_rooms_6,
          vaults_standard_mumra_x, hangedman_vaults_variations,
          vaults_mumra_lcd, hangedman_vaults_stretched_pinwheel
Vaults:5: serial_shops
Depths:1: abrahamwl_protected_by_tso_1, grunt_hell_entry_dis_mu,
          grunt_decor_resistance, minmay_evil_grid
Depths:2: evilmike_inaccessible_box, enter_ziggurat_f, hangedman_geh_valley,
          infiniplex_staircase_zigzag_4, uniq_asterion, uniq_nikola, uniq_sojobo
Abyss:3:  guppyfry_abyss_exit_glass_guarded, serial_sigils_hangedman_shear
Gauntlet: gammafunk_gauntlet_branching

Skill      XL: |  1  2  3  4  5  6  7  8  9 10 11 12 13 14 15 16 17 18 19 20 21 22 23 24 25 26 |
---------------+-------------------------------------------------------------------------------+-----
Earth Magic    | 4 5 6 7 8 9 10 11 12 13 14 15 16 17 18 19 20 | 20.3
Conjurations   | 1 2 3 4 5 6 7 8 9 10 11 12 13 14 15 16 17 18 | 18.6
Spellcasting   | 3 4 5 6 7 8 9 10 11 12 13 14 15 16 | 16.3
Armour         | 2 4 5 6 |  6.0
Fighting       | 2 3 5 6 7 8 10 11 12 13 14 15 16 17 18 | 18.0
Maces & Flails | 2 3 4 5 7 8 9 10 11 12 13 14 15 16 | 16.0
Dodging        | 2 3 4 5 6 7 8 9 10 11 12 13 14 | 14.0
Evocations     | 1 3 4 5 6 |  6.0
Fire Magic     | 3 5 10 11 12 13 14 15 16 18 | 18.4
Stealth        | |  2.1
Transmutations | |  0.7

Action                   |  1- 3 |  4- 6 |  7- 9 | 10-12 | 13-15 | 16-18 | 19-21 | 22-24 | 25-27 || total
-------------------------+-------+-------+-------+-------+-------+-------+-------+-------+-------++-------
Melee: Dagger            |    63 |   150 |   137 |       |       |       |       |       |       ||   350
       Unarmed           |     1 |       |       |       |       |       |       |       |       ||     1
       Morningstar       |       |       |   227 |   409 |   578 |       |       |       |       ||  1214
       Eveningstar       |       |       |       |       |   741 |   554 |       |       |       ||  1295
       Demon whip        |       |       |       |       |       |   453 |   856 |   529 |   130 ||  1968
Throw: Stone             |       |       |       |       |     1 |       |       |       |       ||     1
 Cast: Sandblast         |     3 |    24 |    81 |   206 |   122 |    35 |    15 |     6 |     1 ||   493
       Lee's Rapid Decon |       |     1 |     6 |    26 |    70 |    71 |    68 |    22 |     3 ||   267
       Stone Arrow       |       |       |     5 |    74 |    51 |    11 |       |       |       ||   141
       Fireball          |       |       |       |       |    50 |    79 |    51 |     6 |     2 ||   188
       Venom Bolt        |       |       |       |       |    18 |     9 |       |       |       ||    27
       Orb of Destructio |       |       |       |       |    22 |     9 |       |       |       ||    31
       Iron Shot         |       |       |       |       |    20 |    91 |   141 |   104 |    55 ||   411
       Bolt of Magma     |       |       |       |       |       |    37 |    64 |     1 |       ||   102
       Poison Arrow      |       |       |       |       |       |     3 |       |       |       ||     3
       Bolt of Cold      |       |       |       |       |       |    52 |       |       |       ||    52
       Shatter           |       |       |       |       |       |     7 |     3 |     1 |    19 ||    30
       Ignition          |       |       |       |       |       |       |    35 |   140 |    72 ||   247
 Abil: Fly               |       |       |       |       |     1 |       |       |       |       ||     1
Evoke: Wand              |       |       |       |    11 |     4 |     3 |     5 |     1 |     4 ||    28
       Box of beasts     |       |       |       |       |     2 |       |       |       |       ||     2
       Lamp of fire      |       |       |       |       |     3 |       |     1 |       |       ||     4
  Use: Scroll            |     3 |     2 |    10 |     8 |    23 |    25 |     6 |     9 |     3 ||    89
       Potion            |       |     1 |     1 |     6 |     9 |    15 |     3 |    14 |     2 ||    51
 Stab: Sleeping          |     5 |     2 |     2 |     1 |     3 |     2 |     1 |       |       ||    16
       Distracted        |       |       |       |       |     3 |       |       |       |       ||     3
       Invisible         |       |       |       |       |     4 |     2 |     4 |       |       ||    10
  Eat: Chunk             |     1 |     7 |    20 |    24 |   117 |    75 |    70 |    71 |    26 ||   411
       Ration            |       |       |       |     3 |     2 |    11 |     3 |     6 |     6 ||    31
Armor: Robe              |    20 |    61 |   209 |   305 |  1020 |   644 |   423 |   280 |   121 ||  3083
Dodge: Dodged            |    38 |    89 |   297 |   354 |  1432 |   805 |   342 |   201 |    96 ||  3654

Table legend:
 A = Non-vault XP
 B = Vault XP
 C = Vault XP percentage of total XP
 D = Non-vault monster count
 E = Vault monster count
 F = Vault count percentage of total count
                 A         B        C        D         E       F
            +---------+---------+-------+---------+---------+-------
      Total |  586874 |  569668 |  49.3 |    1399 |     709 |  33.6
            +---------+---------+-------+---------+---------+-------
        D:1 |      26 |       7 |  21.2 |      16 |       4 |  20.0
        D:2 |      91 |      36 |  28.3 |      14 |       1 |   6.7
        D:3 |     335 |       0 |   0.0 |      38 |       0 |   0.0
        D:4 |     614 |       0 |   0.0 |      23 |       0 |   0.0
        D:5 |     568 |     207 |  26.7 |      23 |       8 |  25.8
        D:6 |     428 |     216 |  33.5 |      18 |       2 |  10.0
        D:7 |     551 |    1203 |  68.6 |      14 |      11 |  44.0
        D:8 |    2133 |    3186 |  59.9 |      24 |       9 |  27.3
        D:9 |    2174 |     742 |  25.4 |      19 |      28 |  59.6
       D:10 |    3145 |     580 |  15.6 |      36 |       1 |   2.7
       D:11 |    3731 |    1570 |  29.6 |      27 |       2 |   6.9
       D:12 |   11003 |     959 |   8.0 |      54 |       1 |   1.8
       D:13 |   10099 |   12106 |  54.5 |      59 |      26 |  30.6
       D:14 |    3936 |       0 |   0.0 |      22 |       0 |   0.0
       D:15 |   10170 |    6708 |  39.7 |      36 |      17 |  32.1
     Lair:1 |    8341 |       0 |   0.0 |      24 |       0 |   0.0
     Lair:2 |    4064 |    5449 |  57.3 |      20 |      40 |  66.7
     Lair:3 |    5070 |    1086 |  17.6 |      17 |       6 |  26.1
     Lair:4 |    4903 |     107 |   2.1 |      21 |       1 |   4.5
     Lair:5 |    4024 |       0 |   0.0 |      11 |       0 |   0.0
     Lair:6 |   12485 |    2833 |  18.5 |      29 |       5 |  14.7
   Shoals:1 |    3053 |       0 |   0.0 |       7 |       0 |   0.0
   Shoals:2 |   19939 |       0 |   0.0 |      36 |       0 |   0.0
   Shoals:3 |   12651 |       0 |   0.0 |      27 |       0 |   0.0
   Shoals:4 |   12676 |   26530 |  67.7 |      26 |      39 |  60.0
    Snake:1 |   19334 |    4949 |  20.4 |      32 |       2 |   5.9
    Snake:2 |   24696 |       0 |   0.0 |      42 |       0 |   0.0
    Snake:3 |   17633 |   11819 |  40.1 |      42 |       8 |  16.0
    Snake:4 |   22635 |   49464 |  68.6 |      42 |      65 |  60.7
      Orc:1 |    2577 |       0 |   0.0 |      27 |       0 |   0.0
      Orc:2 |    1397 |    6562 |  82.4 |      25 |      41 |  62.1
      Elf:1 |   24022 |    9216 |  27.7 |      41 |      15 |  26.8
      Elf:2 |   24215 |   29359 |  54.8 |      38 |      38 |  50.0
      Elf:3 |   12867 |   52785 |  80.4 |      24 |      40 |  62.5
   Vaults:1 |   32706 |   14808 |  31.2 |      60 |      23 |  27.7
   Vaults:2 |   41802 |   25479 |  37.9 |      75 |      36 |  32.4
   Vaults:3 |   37340 |   50010 |  57.3 |      58 |      59 |  50.4
   Vaults:4 |   59848 |   56308 |  48.5 |      82 |      52 |  38.8
   Vaults:5 |   18797 |  124252 |  86.9 |      26 |      85 |  76.6
   Depths:1 |   57650 |   14764 |  20.4 |      68 |      12 |  15.0
   Depths:2 |   34518 |   54057 |  61.0 |      41 |      26 |  38.8
    Abyss:3 |   18627 |       0 |   0.0 |      35 |       0 |   0.0
   Gauntlet |       0 |    2311 | 100.0 |       0 |       6 | 100.0
            +---------+---------+-------+---------+---------+-------
